 Bloatcrawl 2 version 2.3.0-a0-108-gdc832c1 (webtiles) character file.

Game seed: 7978379800818586096, levelgen mode: deterministic

0 CUS the Chopper (level 1, -1/19 HPs)
             Began as a Mirror Eidolon Storm Cleric on Jan 18, 2020.
             Was a Follower of Qazlal.
             Faded out of existence
             ... on level 1 of the Dungeon.
             The game lasted 00:00:24 (179 turns).

CUS the Chopper (Mirror Eidolon Storm Cleric)        Turns: 179, Time: 00:00:24

Health: -1/19      AC:  5    Str: 11    XL:     1   Next: 8%
Magic:  2/2        EV: 10    Int: 12    God:    Qazlal [*.....]
Gold:   13         SH:  1    Dex: 11    Spells: 0/0 levels left Game modifiers: None

rFire    . . .     SeeInvis .   a - +0 hand axe
rCold    . . .     Gourm    .   (no shield)
rNeg     + + +     Faith    .   b - +0 ring mail
rPois    ∞         Spirit   .   (no helmet)
rElec    .         Reflect  .   (no cloak)
rCorr    .         Harm     .   (no gloves)
MR       .....                  (no boots)
Stlth    ..........             (no amulet)
HPRegen  0.00/turn              (no ring)
MPRegen  0.08/turn              (no ring)

@: non-regenerating
A: unbreathing 1, negative energy resistance 3, torment resistance 1, ghostly 1,
no regeneration, fading, harvest energy
a: Renounce Religion


You were on level 1 of the Dungeon.
You worshipped Qazlal.
Qazlal was aware of your devotion.
You were not hungry.

You visited 1 branch of the dungeon, and saw 1 of its levels.

You collected 13 gold pieces.

Inventory:

Hand Weapons
 a - a +0 hand axe (weapon)
Armour
 b - a +0 ring mail (worn)
 g - a +0 cloak
Scrolls
 d - 2 scrolls of remove curse {unknown}
 e - a scroll of magic mapping {unknown}
 f - a scroll of identify {unknown}
Miscellaneous
 c - an air horn


   Skills:
 + Level 2.1 Fighting
 + Level 3.0 Axes
 + Level 0.7 Armour
 + Level 2.1 Dodging
 + Level 2.4 Invocations


You couldn't memorise any spells.
You didn't know any spells.
Your spell library was empty.

Dungeon Overview and Level Annotations

Branches:
Dungeon (1/15)

Altars:


Innate Abilities, Weirdness & Mutations

You are immune to poison.
You can survive without breathing.
You are immune to negative energy. (rN+++)
You are immune to unholy pain and torment.
You are a spectral ghost.
You do not regenerate.
You lose health over time.
You restore half your missing hitpoints when you defeat an enemy.


Message History

Your ties to this world fade a bit.
Your ties to this world fade a bit.
* * * LOW HITPOINT WARNING * * *
You see here a cloak.
g - a cloak Unknown command.
Your ties to this world fade a bit.
* * * LOW HITPOINT WARNING * * *
Your ties to this world fade a bit.
* * * LOW HITPOINT WARNING * * *
You open the door.
There is an open door here.
Found a ration.
You see here a ration.
You open the door.
There is an open door here.
Found a hunting sling.
There is an open door here.
Your ties to this world fade a bit.
You die...

............................#
............................#
.......##....######+##+#.'###
.......##....# ##'#
.......##.....> #.#
....########...# .# ##.##
................ .. #8.8#
....########...####)# #...#
................@.#.# ##...##
.################.#.# #≈...≈#
.#...........# #.#.# #≈...≈#
.###......##.####'#.# #≈...≈#
.#######.###.%......# #≈...≈#
....................# #≈.<.≈#
..######.###........# ##...##
..# #.#..........# ##.##
..######.#.#.######## ###


There were no monsters in sight!

Vanquished Creatures
  A kobold (D:1)
1 creature vanquished.

Notes
Turn   | Place    | Note
-------+----------+-------------------------------------------
     0 | D:1      | CUS the Mirror Eidolon Storm Cleric began the quest for the
                  | Orb.
     0 | D:1      | Reached XP level 1. HP: 19/19 MP: 2/2
   179 | D:1      | Faded out of existence

Levels and vault maps discovered:
D:1:      wander_arrival_chamber, layout_basic

Action                   || total
-------------------------++-------
Melee: Hand axe          ||     4
Armor: Ring mail         ||     1
Block: Other             ||     1

Table legend:
 A = Non-vault XP
 B = Vault XP
 C = Vault XP percentage of total XP
 D = Non-vault monster count
 E = Vault monster count
 F = Vault count percentage of total count
                 A         B        C        D         E       F
            +---------+---------+-------+---------+---------+-------
      Total |       1 |       0 |   0.0 |       1 |       0 |   0.0
            +---------+---------+-------+---------+---------+-------
        D:1 |       1 |       0 |   0.0 |       1 |       0 |   0.0
            +---------+---------+-------+---------+---------+-------
